 Dungeon Crawl Stone Soup version 0.32-a0-290-g598725c5f2 (webtiles) character file.

Game seed: 7212673344083369392

3144 Kenran the Grappler (level 9, -9/73 (75) HPs)
             Began as a Mountain Dwarf Fighter on Feb 13, 2024.
             Was an Elder of Qazlal.
             Killed from afar by Maggie (21 damage)
             ... with a bolt of fire
             ... on level 7 of the Dungeon.
             The game lasted 00:13:09 (7053 turns).

Kenran the Grappler (Mountain Dwarf Fighter)        Turns: 7053, Time: 00:13:09

HP:   -9/73 (75)    AC:  5    Str: 22    XL:     9   Next: 62%
MP:   9/12          EV:  9    Int: 10    God:    Qazlal [****..]
Gold: 312           SH:  9    Dex:  9    Spells: 8/8 levels left

rFire   . .          .
                       - Unarmed
rCold   . . .        b - +0 buckler
rNeg    + . .        a - +0 scale mail
rPois   .            (no helmet)
rElec   .            (no cloak)
rCorr   .            t - +0 pair of gloves
SInv    .            (no boots)
Will    .....        (no amulet) Stlth
                     q - ring of flight
HPRegen 0.32/turn    v - ring of positive energy
MPRegen 0.13/turn

%: random rage (3%), repel missiles
@: flying, mesmerised, lightly drained
A: runic magic, artefact enchanting, berserk 1, deformed body, MP-powered wands
a: Renounce Religion, Upheaval, Elemental Force


You were on level 7 of the Dungeon.
You worshipped Qazlal.
Qazlal was greatly pleased with you.
You visited 1 branch of the dungeon, and saw 7 of its levels.

You collected 312 gold pieces.

Inventory:

Missiles
 s - 2 throwing nets (quivered)
Armour
 a - a +0 scale mail (worn)
 b - a +0 buckler (worn)
 t - a +0 pair of gloves (worn)
Jewellery
 q - a ring of flight (left hand)
 v - a ring of positive energy (right hand)
Wands
 x - a wand of flame (21)
Scrolls
 e - a scroll of fog {unknown}
 f - 2 scrolls of revelation
 g - a scroll of brand weapon
 h - a scroll of blinking
 i - 2 scrolls of summoning
 l - 2 scrolls of fear
 m - 2 scrolls of teleportation
 o - a scroll of immolation {unknown}
 p - a scroll of torment {unknown}
Potions
 c - 2 potions of resistance {unknown}
 d - 2 potions of haste {unknown}
 j - 2 potions of berserk rage {unknown}
 k - 2 potions of mutation {!q}
 n - 2 potions of curing {@q1}
 r - a potion of degeneration {unknown}
 u - a potion of lignification {unknown}


   Skills:
 - Level 6.0 Fighting
 + Level 6.2 Armour
 - Level 4.0 Shields
 + Level 11.1 Unarmed Combat
 - Level 5.0 Invocations


You had 8 spell levels left.
You didn't know any spells.
Your spell library contained the following spells:

 Spells                   Type           Power      Damage    Failure   Level
 Apportation              Tloc           0%         N/A       50%         1
 Blink                    Tloc           0%         N/A       65%         2
 Jinxbite                 Hex            0%         N/A       65%         2
 Lesser Beckoning         Tloc           0%         N/A       65%         2
 Momentum Strike          Conj/Tloc      0%         3d8       65%         2
 Call Canine Familiar     Summ           0%         N/A       86%         3
 Dazzling Flash           Conj/Hex       0%         N/A       86%         3
 Sigil of Binding         Hex            0%         N/A       86%         3
 Summon Ice Beast         Ice/Summ       0%         N/A       86%         3
 Dimensional Bullseye     Hex/Tloc       0%         N/A       99%         4
 Passage of Golubria      Tloc           0%         N/A       99%         4
 Vhi's Electric Charge    Tloc/Air       0%         N/A       99%         4
 Silence                  Hex/Air        0%         N/A       100%        5
 Summon Mana Viper        Hex/Summ       0%         N/A       100%        5
 Monstrous Menagerie      Summ           0%         N/A       100%        7
 Lehudib's Crystal Spear  Conj/Erth      0%         10d2      100%        8


Dungeon Overview and Level Annotations

Branches:
Dungeon (7/15)
 Temple: D:4-7

Altars:
Hepliaklqana
Qazlal
Sif Muna
Yredelemnul

Shops:
D:7 =

Annotations:
D:2 1 runed translucent door, Crazy Yiuf
D:7 Jeremiah, Maggie


Innate Abilities, Weirdness & Mutations

Your spellcasting is much less encumbered by armour.
You can use scrolls of enchantment on lesser artefacts.
You sometimes lose your temper in combat.
Armour fits poorly on your strangely shaped body.
You expend magic power (3 MP) to strengthen your wands.


Message History

Maggie casts a spell.
Maggie draws you further into her thrall.
You punch Pikel!
You kill Pikel!
Qazlal accepts your kill.
With Pikel's spell broken, his former minions thank you for their freedom.
The lemure departs this earthly plane. x3
Your Armour skill increases to level 6!
Your Unarmed Combat skill increases to level 11!
You feel better.
Maggie points at you and mumbles some strange words.
The bolt of fire hits you!!
* * * LOW HITPOINT WARNING * * *
Okay, then.
Okay, then.
Aiming: Upheaval
Press: ? - help, Dir - move target A blizzard blasts the area with ice!
The blast of ice hits the butterfly!!
You kill the butterfly!
The butterfly disappears in a burst of colours!
You feel better.
The butterfly disappears in a burst of colours!
Maggie gestures wildly while chanting.
Maggie draws you further into her thrall.
You hit Maggie.
Maggie is moderately wounded.
Maggie mumbles some strange words.
Maggie draws you further into her thrall.
You punch Maggie! You punch Maggie.
Maggie is heavily wounded.
Maggie hits you with a +1 broad axe of draining!
* * * LOW HITPOINT WARNING * * *
You partially resist.
You feel drained.
* * * LOW HITPOINT WARNING * * *
You punch Maggie!
Maggie is almost dead.
Maggie gestures at you while chanting. The bolt of fire hits you!!
You die...

### #.# #.# ##.###.#
#.# ##.#.##.# ## #.#
##.###.#.# .> ##.##
##..# .# #.## ##.#
.# ##.## ##.## .#
##.###.####.##.##
######.#.#@@bbF....#
#..........###b#...#
#.#####.#### ..( ...
#.# ##K.. # #.# #5##
#.# .# #.# . #.# #
#.#


You could see Maggie (mesmerising, corroded) and Jeremiah.

Vanquished Creatures
  Pikel (D:7)
  Sigmund (D:2)
  2 steam dragons
  Menkaure (D:6)
  Duvessa (D:7)
  A black bear (D:5)
  A sky beast (D:7)
  2 ice beasts
  A centaur (D:5)
  2 ogres
  2 phantoms (D:5)
  A lemure (D:7)
  A bullfrog (D:6)
  2 scorpions
  Dowan (D:7)
  4 electric eels (D:6)
  A bombardier beetle (D:4)
  A jelly (D:6)
  A gnoll bouda (D:7)
  An orc priest (D:7)
  4 hounds
  2 sleepcaps
  Terence (D:2)
  7 iguanas
  7 gnolls
  7 adders
  A shadow imp (D:6)
  2 ufetubi (D:6)
  2 dart slugs (D:2)
  4 ribbon worms
  7 orcs
  13 ball pythons
  10 bats
  12 endoplasms
  3 giant cockroaches
  12 goblins
  8 hobgoblins
  10 jackals
  6 kobolds
  6 quokkas
  7 frilled lizards
  6 rats
165 creatures vanquished.

Vanquished Creatures (others)
  A steam dragon (D:7)
1 creature vanquished.

Grand Total: 166 creatures vanquished

Notes
Turn   | Place    | Note
-------+----------+-------------------------------------------
     0 | D:1      | Kenran the Mountain Dwarf Fighter began the quest for the
                  | Orb.
     0 | D:1      | Reached XP level 1. HP: 19/19 MP: 1/1
    95 | D:1      | Reached XP level 2. HP: 26/26 MP: 2/2
   153 | D:1      | Reached skill level 3 in Unarmed Combat
   176 | D:1      | Reached XP level 3. HP: 30/31 MP: 3/3
   275 | D:1      | Found a faded altar of an unknown god.
   304 | D:1      | Prayed at the altar of an unknown god.
   304 | D:1      | Became a worshipper of Qazlal Stormbringer
   304 | D:1      | Reached * piety under Qazlal
   333 | D:1      | Reached skill level 4 in Unarmed Combat
   575 | D:2      | Noticed Sigmund
   582 | D:2      | Killed Sigmund
   583 | D:2      | Reached skill level 6 in Unarmed Combat
   583 | D:2      | Reached XP level 4. HP: 17/38 MP: 4/4
   583 | D:2      | Reached XP level 5. HP: 20/45 MP: 5/5
   786 | D:2      | Noticed Terence
   798 | D:2      | Killed Terence
   799 | D:2      | Reached XP level 6. HP: 47/51 MP: 6/6
   939 | D:2      | Reached ** piety under Qazlal
  1337 | D:2      | Found a runed translucent door.
  1338 | D:2      | Noticed Crazy Yiuf
  1809 | D:3      | Reached skill level 7 in Unarmed Combat
  1815 | D:3      | Reached *** piety under Qazlal
  2566 | D:4      | Got the Precepts of the Curse and Angles
  2650 | D:4      | Reached XP level 7. HP: 20/57 MP: 7/7
  2770 | D:4      | Got Asmojoqy's Anthology of the Quantum Snowflakes
  2962 | D:4      | Reached skill level 8 in Unarmed Combat
  3271 | D:5      | Entered Level 5 of the Dungeon
  3273 | D:5      | Identified the +1 ring mail of Compression {MP+9}
  3320 | D:5      | Reached skill level 9 in Unarmed Combat
  3376 | D:5      | Reached XP level 8. HP: 63/63 MP: 8/8
  3490 | D:5      | Reached **** piety under Qazlal
  3491 | D:5      | Reached skill level 10 in Unarmed Combat
  3625 | D:5      | Reached skill level 1 in Invocations
  3993 | D:6      | Noticed Menkaure
  3999 | D:6      | Killed Menkaure
  4593 | D:5      | Reached skill level 5 in Fighting
  5313 | D:6      | Reached skill level 5 in Invocations
  5882 | D:6      | Reached XP level 9. HP: 54/75 MP: 12/12
  5986 | D:6      | Found a shimmering blue altar of Sif Muna.
  5986 | D:6      | Found a basalt altar of Yredelemnul.
  5986 | D:6      | Found a hazy altar of Hepliaklqana.
  6595 | D:7      | Reached skill level 5 in Armour
  6756 | D:7      | Found Biuchey's Jewellery Emporium.
  6825 | D:7      | Noticed Dowan
  6846 | D:7      | Killed Dowan
  6865 | D:7      | Noticed Duvessa
  6873 | D:7      | Killed Duvessa
  7022 | D:7      | Noticed Maggie
  7025 | D:7      | Noticed Pikel
  7034 | D:7      | Noticed Jeremiah
  7039 | D:7      | Gained mutation: You sometimes lose your temper in combat.
                  | [potion of mutation]
  7039 | D:7      | Gained mutation: Armour fits poorly on your strangely
                  | shaped body. [potion of mutation]
  7039 | D:7      | Gained mutation: You expend magic power (3 MP) to
                  | strengthen your wands. [potion of mutation]
  7047 | D:7      | Killed Pikel
  7048 | D:7      | Reached skill level 11 in Unarmed Combat
  7053 | D:7      | Killed from afar by Maggie

Illustrated notes

Levels and vault maps discovered:
D:1:      heliophobic_arrival_enchanted_forest, layout_basic,
          ebering_ecumenical_altar_rust
D:2:      minmay_thinvault, layout_basic, minmay_misc_feat_room,
          corexii_item_surrounded_by_moat, uniq_sigmund,
          uniq_crazy_yiuf_cottage, uniq_terence
D:3:      layout_loops_corners, minmay_starry_boxes
D:4:      layout_cave_pools, hangedman_abyss_or_decor_stabs,
          kennysheep_generic_room_11
D:5:      layout_loops_ring, nicolae_eternal_life
D:6:      layout_basic, gammafunk_temple_overflow_forgotten, chequers_big_river,
          hangedman_abyss_or_decor_stagger, kennysheep_minor_cross,
          serial_bayou_lake_a, uniq_menkaure
D:7:      layout_loops_ring, lemuel_temple_firewalk_b, serial_shops,
          shop_fountains, nicolae_shop_i_like_big_books, uniq_maggie,
          uniq_jeremiah, uniq_pikel, uniq_duvessa

Skill      XL: |  1  2  3  4  5  6  7  8  9 |
---------------+----------------------------+-----
Unarmed Combat | 3 6 7 9 10 11 | 11.1
Invocations    | 5 |  5.0
Fighting       | 6 |  6.0
Armour         | 6 |  6.2
Shields        | 4 |  4.0

Action                     |  1- 3 |  4- 6 |  7- 9 || total
---------------------------+-------+-------+-------++-------
  Melee: Unarmed           |   130 |   178 |   260 ||   568
         Punch             |     1 |     7 |    11 ||    19
 Invoke: Upheaval          |       |       |     1 ||     1
  Evoke: Wand              |       |       |     7 ||     7
    Use: Scroll            |     2 |     1 |     5 ||     8
         Potion            |     1 |       |     4 ||     5
 Armour: Scale mail        |    67 |    69 |   151 ||   287
  Dodge: Dodged            |    64 |    38 |    79 ||   181
         Repelled          |       |       |     5 ||     5
  Block: Buckler           |    23 |    53 |    90 ||   166

Table legend: (Time is in decaauts)
 A = Elapsed time spent in this place.
 B = Non-inter-level travel time spent in this place.
 C = Inter-level travel time spent in this place.
 D = Time resting spent in this place.
 E = Time spent auto-exploring this place.
 F = Levels seen in this place.
 G = Mean time per level.
                   A        B        C        D        E       F      G
               +--------+--------+--------+--------+--------+-----+--------+
         Total |   6999 |   6732 |    267 |   2048 |   3197 |   7 |  999.9 |
       Dungeon |   6999 |   6732 |    267 |   2048 |   3197 |   7 |  999.9 |
               +--------+--------+--------+--------+--------+-----+--------+

Top non-repeatable levels by time:
     D:6: 1657 daAuts
     D:5: 1319 daAuts
     D:3: 1043 daAuts
     D:2: 933 daAuts
     D:7: 776 daAuts
     D:4: 702 daAuts
     D:1: 567 daAuts
